 Dungeon Crawl Stone Soup version 0.22-a0-525-gf69a080 (webtiles) character file.

2384 kae the Insei (level 9, -1/74 HPs)
             Began as a Green Draconian Transmuter on June 21, 2018.
             Slain by an orc warrior
             ... wielding a +0 flail
              (8 damage)
             ... on level 7 of the Dungeon.
             The game lasted 00:06:38 (5876 turns).

kae the Insei (Green Draconian Transmuter)          Turns: 5876, Time: 00:06:39

Health: -1/74      AC:  7    Str: 13    XL:     9   Next: 22%
Magic:  15/15      EV: 18    Int: 13    God:
Gold:   234        SH:  0    Dex: 15    Spells: 11/17 levels left

rFire    . . .     SeeInvis .     - Unarmed
rCold    . . .     Gourm    .   (no shield)
rNeg     . . .     Faith    .   (armour unavailable)
rPois    +         Spirit   .   (helmet restricted)
rElec    .         Reflect  .   (no cloak)
rCorr    .         Harm     .   (no gloves)
MR       .....                  (no boots)
Stlth    +.........             (no amulet)
HPRegen  0.22/turn              i - +4 ring of evasion
MPRegen  0.14/turn              x - +2 ring of slaying

@: berserk cooldown, slowed, very slow
A: breathe noxious fumes, unfitting armour, poison resistance, cold-blooded, AC
+7
a: Breathe Noxious Fumes


You were on level 7 of the Dungeon.
You were near starving.

You visited 2 branches of the dungeon, and saw 8 of its levels.

You collected 234 gold pieces.

Inventory:

Missiles
 a - 93 arrows
Jewellery
 i - a +4 ring of evasion (left hand)
 x - a +2 ring of slaying (right hand)
Wands
 h - a wand of iceblast (11)
 p - a wand of flame (51)
Scrolls
 f - a scroll of enchant armour
 k - 2 scrolls of fog
 l - 5 scrolls of remove curse
 n - a scroll of enchant weapon
Potions
 b - 6 potions of curing
 d - a potion of mutation
 g - a potion of lignification
 j - 2 potions of haste
 m - 3 potions of invisibility
 o - a potion of resistance {unknown}
 q - 2 potions of heal wounds
 s - a potion of cancellation
 u - 2 potions of ambrosia
 w - a potion of flight {unknown}
Comestibles
 c - 10 rations


   Skills:
 + Level 5.0 Fighting
 + Level 4.5 Dodging
 * Level 7.3 Unarmed Combat
 + Level 4.5 Spellcasting
 * Level 6.9 Transmutations


You had 11 spell levels left.
You knew the following spells:

 Your Spells              Type           Power        Failure   Level  Hunger
a - Beastly Appendage     Tmut           ###...       1%          1    None
b - Sticks to Snakes      Tmut           ###.....     1%          2    ##.....
c - Spider Form           Tmut/Pois      ##........   14%         3    ###....

Your spell library contained the following spells:

 Spells                   Type           Power        Failure   Level  Hunger
 Fireball                 Conj/Fire      #.........   99%         5    ######.
 Conjure Flame            Conj/Fire      #.......     52%         3    ###....
 Throw Flame              Conj/Fire      #.....       30%         2    ##.....
 Sticky Flame             Conj/Fire      #.......     89%         4    ####...
 Blade Hands              Tmut           ###.......   30%         5    ######.
 Ice Form                 Ice/Tmut       ##......     43%         4    ####...
 Flame Tongue             Conj/Fire      #....        21%         1    None
 Inner Flame              Hex/Fire       #.......     52%         3    ###....


Dungeon Overview and Level Annotations

Branches:
Dungeon (7/15)             Temple (1/1) D:4

Altars:
Ashenzari
Elyvilon
Fedhas
Gozag
Hepliaklqana
Nemelex Xobeh
Qazlal
Ru
Sif Muna
Trog
Uskayaw
Vehumet
Wu Jian
Xom
Zin
The Shining One


Innate Abilities, Weirdness & Mutations

You can breathe blasts of noxious fumes.
Your lurid green scales are hard. (AC +7)
You cannot fit into any form of body armour.
Your system is resistant to poisons. (rPois)
You are cold-blooded and may be slowed by cold attacks.


Message History

You closely miss the orc warrior.
You tail-slap the orc warrior, but do no damage.
The orc warrior is moderately wounded.
The hound bites you.
* * * LOW HITPOINT WARNING * * *
The hound closely misses you.
The orc priest calls upon Beogh to heal the orc warrior.
The orc warrior is healed somewhat.
The worker ant bites you!
* * * LOW HITPOINT WARNING * * *
The jackal barely misses you. The hound bites you but does no damage.
The orc warrior misses you. The hound completely misses you.
The worker ant closely misses you. The jackal closely misses you.
You hit the orc warrior but do no damage.
The orc warrior is lightly wounded.
The hound bites you.
* * * LOW HITPOINT WARNING * * *
The hound completely misses you.
The jackal bites you but does no damage.
The orc warrior hits you with a flail!
You die...

### #.# #.# # ###
#.# ###. ##†###.#
....##a@h##.######
.....oohhs.........
.....oooo......####
.....#.o...#...##
.###.#.###.#....# .
#.....#.....#
#..)†.#.....#....
#[###.#h###.#....
#oo)§O#.S...# ..


You could see an orc warrior, 2 hounds, a worker ant, 3 orc priests, 3 orcs, a
jackal and a giant cockroach.

Vanquished Creatures
  A hungry ghost (D:7)
  An orc warrior (D:7)
  An ice beast (D:6)
  A sky beast (D:5)
  An eye of draining (D:7)
  A phantom (D:5)
  3 ogres
  2 centaurs
  A big kobold (D:6)
  2 bullfrogs (D:6)
  4 scorpions
  A howler monkey (D:7)
  3 crimson imps
  A quasit (D:7)
  A bullfrog zombie (D:6)
  A jelly (D:6)
  2 hounds
  A centaur skeleton (D:6)
  A bullfrog skeleton (D:4)
  2 iguanas (D:5)
  6 orc wizards
  5 worker ants
  2 hound zombies
  4 gnolls (D:5)
  10 adders
  6 oozes
  An adder skeleton (D:7)
  2 worms (D:3)
  3 dart slugs
  3 leopard geckos
  16 orcs
  4 bats
  9 giant cockroaches
  10 goblins
  7 hobgoblins
  18 jackals
  11 kobolds
  5 quokkas
  A ball python (D:7)
  7 frilled lizards
  A leopard gecko skeleton (D:7)
  A quokka skeleton (D:7)
  8 rats
171 creatures vanquished.

Notes
Turn   | Place    | Note
-------+----------+-------------------------------------------
     0 | D:1      | kae the Draconian Transmuter began the quest for the Orb.
     0 | D:1      | Reached XP level 1. HP: 16/16 MP: 3/3
    41 | D:1      | Reached XP level 2. HP: 20/23 MP: 5/5
   366 | D:1      | Reached XP level 3. HP: 28/28 MP: 6/6
   485 | D:1      | Found a shattered altar of Ashenzari.
   972 | D:1      | Learned a level 2 spell: Sticks to Snakes
   976 | D:1      | Learned a level 3 spell: Spider Form
  1186 | D:2      | Reached XP level 4. HP: 35/36 MP: 7/7
  1288 | D:2      | Found a glowing silver altar of Zin.
  1288 | D:2      | Found a white marble altar of Elyvilon.
  1530 | D:3      | Found a hazy altar of Hepliaklqana.
  1565 | D:3      | Found a sacrificial altar of Ru.
  1683 | D:3      | Found a faded altar of an unknown god.
  1701 | D:3      | Found a sparkling altar of Nemelex Xobeh.
  1934 | D:3      | Reached skill level 4 in Unarmed Combat
  2388 | D:4      | Found a staircase to the Ecumenical Temple.
  2429 | Temple   | Entered the Ecumenical Temple
  2624 | D:4      | Reached XP level 5. HP: 39/41 MP: 4/8
  2942 | D:4      | Reached XP level 6. HP: 41/50 MP: 8/10
  3012 | D:4      | Found a radiant altar of Vehumet.
  3123 | D:5      | Entered Level 5 of the Dungeon
  3338 | D:5      | Noticed a sky beast
  3373 | D:5      | Killed a sky beast
  3382 | D:5      | Reached skill level 5 in Unarmed Combat
  3382 | D:5      | Your scales start taking on a lurid green colour.
  3382 | D:5      | Reached XP level 7. HP: 57/57 MP: 11/11
  3382 | D:5      | Gained mutation: Your system is resistant to poisons. (rPois) [Green Draconian growth]
  3779 | D:5      | Found an ornate altar of the Wu Jian Council.
  4041 | D:6      | Reached skill level 5 in Transmutations
  4175 | D:6      | Reached XP level 8. HP: 35/66 MP: 13/13
  4611 | D:6      | Reached skill level 6 in Unarmed Combat
  5846 | D:7      | Reached skill level 7 in Unarmed Combat
  5846 | D:7      | Reached XP level 9. HP: 73/73 MP: 15/15
  5862 | D:7      | Reached skill level 5 in Fighting
  5876 | D:7      | Slain by an orc warrior

Vault maps used:
D:1:      dpeg_arrival_connections, ashenzari_altar_1
D:2:      gammafunk_temple_overflow_pools, first_ration
D:3:      lemuel_crystal_altar, nemelex_altar_shiori,
          chequers_ecumenical_altar_twisty, nicolae_ru_sacrificial_ziggurat
D:4:      temple_pool_b, vehumet_altar_wand_db
D:5:      overflow_temple_1_default
D:7:      hangedman_cross_stitches, makhleb_grotto_becter,
          nicolae_overflow_hidden_temple, gammafunk_ghost_grave
Temple:   kb_temple_of_zot

Skill      XL: |  1  2  3  4  5  6  7  8  9 |
---------------+----------------------------+-----
Dodging        | 2 3 4 |  4.5
Transmutations | 3 4 5 6 |  6.9
Fighting       | 2 3 4 5 |  5.0
Unarmed Combat | 4 5 7 |  7.3
Spellcasting   | 3 4 |  4.5

Action                   |  1- 3 |  4- 6 |  7- 9 || total
-------------------------+-------+-------+-------++-------
Melee: Unarmed           |   140 |   241 |   349 ||   730
       Tailslap          |    12 |    24 |    43 ||    79
       Punch             |     3 |     3 |     8 ||    14
       Headbutt          |     7 |     3 |       ||    10
       Kick              |     5 |    13 |       ||    18
 Cast: Beastly Appendage |    18 |     8 |       ||    26
       Sticks to Snakes  |       |     3 |       ||     3
       Spider Form       |       |     3 |    11 ||    14
 Abil: Breathe Noxious F |       |       |     6 ||     6
  Use: Scroll            |       |    10 |    10 ||    20
       Potion            |       |     1 |     2 ||     3
 Stab: Sleeping          |     4 |       |       ||     4
       Confused          |       |       |     6 ||     6
  Eat: Chunk             |     2 |     7 |     9 ||    18
       Ration            |       |       |     1 ||     1
Armor: Skin              |    25 |    54 |   175 ||   254
Dodge: Dodged            |    72 |   189 |   419 ||   680

Table legend:
 A = Spawn XP
 B = Non-spawn XP
 C = Spawn XP percentage of total XP
 D = Spawn monster count
 E = Non-spawn monster count
 F = Spawn count percentage of total count
 G = Total turns spent on level
                    A         B        C        D         E        F      G
               +---------+---------+-------+---------+---------+-------+---------
         Total |       0 |    3407 |   0.0 |       0 |     171 |   0.0 |  5876
               +---------+---------+-------+---------+---------+-------+---------
           D:1 |       0 |      76 |   0.0 |       0 |      33 |   0.0 |  1000
           D:2 |       0 |      37 |   0.0 |       0 |      20 |   0.0 |   393
           D:3 |       0 |      77 |   0.0 |       0 |      33 |   0.0 |   982
           D:4 |       0 |     215 |   0.0 |       0 |      14 |   0.0 |   656
           D:5 |       0 |     679 |   0.0 |       0 |      23 |   0.0 |   877
           D:6 |       0 |    1248 |   0.0 |       0 |      30 |   0.0 |  1672
           D:7 |       0 |    1075 |   0.0 |       0 |      18 |   0.0 |   204
               +---------+---------+-------+---------+---------+-------+---------
